 Dungeon Crawl Stone Soup version 0.29-a0-284-gf9362112df (webtiles) character file.

Game seed: 236606864316599345

1320 sammy202020 the Skirmisher (level 8, -10/52 HPs)
             Began as a Gargoyle Berserker on Mar 19, 2022.
             Was a Believer of Trog.
             Mangled by a large slime creature (25 damage)
             ... on level 6 of the Dungeon.
             The game lasted 00:09:21 (5957 turns).

sammy202020 the Skirmisher (Gargoyle Berserker)     Turns: 5957, Time: 00:09:22

Health: -10/52     AC: 21    Str: 20    XL:     8   Next: 59%
Magic:  8/8        EV:  7    Int: 11    God:    Trog [**....]
Gold:   341        SH:  0    Dex:  9    Spells: 7/7 levels left

rFire   . . .      SeeInvis .   a - +0 mace
rCold   . . .      Faith    .   (no shield)
rNeg    + . .      Spirit   .   d - +0 plate armour
rPois   ∞          Reflect  .   l - +0 helmet
rElec   +          Harm     .   p - +0 cloak
rCorr   .          Rampage  .   (no gloves)
Will    ++...                   (no boots)
Stlth   ..........              (no amulet)
HPRegen 1.17/turn               h - +4 ring of protection
MPRegen 0.11/turn               k - +4 ring of protection

@: strong-willed, corroded, on berserk cooldown, regenerating, hasted and slowed
A: sickness immunity, AC +5, negative energy resistance 1, electricity
resistance, torment resistance 1, petrification resistance
a: Renounce Religion, Berserk, Trog's Hand


You were on level 6 of the Dungeon.
You worshipped Trog.
Trog was pleased with you.
You visited 1 branch of the dungeon, and saw 6 of its levels.
You also visited: Sewer.

You collected 341 gold pieces.

Inventory:

Hand Weapons
 a - a +0 mace (weapon)
Missiles
 q - a curare-tipped dart
 v - 6 boomerangs (quivered)
 y - 6 poisoned darts
 z - 6 javelins
Armour
 d - a +0 plate armour (worn)
 l - a +0 helmet (worn)
 o - a +0 hat
 p - a +0 cloak (worn)
Jewellery
 h - a +4 ring of protection (left hand)
 k - a +4 ring of protection (right hand)
 w - a +4 ring of protection
Wands
 t - a wand of iceblast (6)
Scrolls
 e - a scroll of acquirement {unknown}
 f - 2 scrolls of teleportation
 i - a scroll of amnesia
 s - a scroll of enchant armour
Potions
 b - a potion of curing
 c - 2 potions of degeneration
 g - 2 potions of haste
 j - a potion of attraction {unknown}
 m - 2 potions of cancellation {unknown}
 n - 2 potions of brilliance {unknown}
 u - a potion of berserk rage {unknown}


   Skills:
 * Level 6.8 Fighting
 * Level 6.1 Maces & Flails
 * Level 6.3 Armour
 + Level 3.4 Dodging


You had 7 spell levels left.
You didn't know any spells.
Your spell library was empty.

Dungeon Overview and Level Annotations

Branches:
Dungeon (6/15)             Temple (0/1) D:4           Sewer (visited)

Altars:

Shops:
D:2 (


Innate Abilities, Weirdness & Mutations

You are immune to sickness and miasma.
Your stone body is resilient. (AC +5)
You are immune to poison.
You resist negative energy. (rN+)
You are resistant to electric shocks. (rElec)
You are resistant to unholy torment.
You are immune to petrification.


Message History

The jelly hits you but does no damage.
You thump the jelly!
You kill the jelly!
Trog accepts your kill.
You completely miss the jelly. You hit the jelly.
Your hands burn!
* * * LOW HITPOINT WARNING * * *
The jelly is lightly wounded.
The jelly closely misses you.
You sock the jelly!
Your hands burn!
* * * LOW HITPOINT WARNING * * *
The jelly is severely wounded.
The jelly hits you but does no damage.
You sock the jelly!
You kill the jelly!
Trog accepts your kill.
The slime creature quivers.
The endoplasm hits you but does no damage.
There is an open door here.
You sock the endoplasm!
You kill the endoplasm!
Trog accepts your kill.
You feel a strong urge to attack something.
The jelly hits you but does no damage.
There is an open door here.
You are no longer berserk.
You are exhausted.
You feel yourself slow down.
You sock the jelly!
Your hands burn!
* * * LOW HITPOINT WARNING * * *
The jelly is heavily wounded.
The jelly hits you but does no damage.
Your skin crawls.
You feel strong-willed. The jelly hits you but does no damage.
You feel yourself speed up.
You hit the large slime creature.
The large slime creature is lightly wounded.
The large slime creature hits you!!
You die...

##########
"P.P.....#
.....÷...#
######
.÷÷P...P.#
#....#
.P..÷..P.#
#....#
..÷..J.÷.#
#<...#
÷....JJJ.#
#....# #######J#
#.>..###..)..@##
#....##.########
#....###..'....#
#....# ####....#
###### #......)#
#.......#
#...(...#
#.......#
##.....##


You could see a large slime creature and a jelly.

Vanquished Creatures
  Eustachio (D:5)
  A water moccasin (Sewer)
  A black bear (D:5)
  An ogre (D:6)
  An ice beast (D:5)
  A centaur (D:6)
  A phantom (D:4)
  A kobold brigand (D:6)
  A scorpion (D:5)
  A howler monkey (D:5)
  3 jellies (D:6)
  A hound (D:4)
  Crazy Yiuf (D:2)
  An iguana (D:4)
  2 orc wizards
  Terence (D:2)
  7 adders
  4 gnolls (D:3)
  A river rat (D:3)
  2 ufetubi (D:5)
  A dart slug (D:2)
  13 orcs
  8 endoplasms
  6 giant cockroaches
  7 hobgoblins
  7 jackals
  5 quokkas
  8 ball pythons
  5 bats
  5 frilled lizards
  2 goblins
  10 kobolds
  7 rats
117 creatures vanquished.

Vanquished Creatures (others)
  2 fungi (D:6)
  9 toadstools (D:6)
11 creatures vanquished.

Grand Total: 128 creatures vanquished

Notes
Turn   | Place    | Note
-------+----------+-------------------------------------------
     0 | D:1      | sammy202020 the Gargoyle Berserker began the quest for the
                  | Orb.
     0 | D:1      | Reached XP level 1. HP: 14/14 MP: 1/1
   360 | D:1      | Reached XP level 2. HP: 19/19 MP: 2/2
   991 | D:1      | Found a faded altar of an unknown god.
  1375 | D:2      | Reached XP level 3. HP: 23/24 MP: 3/3
  1564 | D:2      | Found Hoit's Weapon Emporium.
  1652 | D:2      | Found a runed translucent door.
  1653 | D:2      | Noticed Crazy Yiuf
  2165 | D:2      | Noticed Terence
  2176 | D:2      | Killed Terence
  2177 | D:2      | Reached XP level 4. HP: 25/29 MP: 4/4
  2259 | D:2      | Reached ** piety under Trog
  2426 | D:2      | Killed Crazy Yiuf
  2650 | D:3      | Reached XP level 5. HP: 33/33 MP: 5/5
  2771 | D:3      | Found a glowing drain.
  2800 | Sewer    | Entered a sewer
  2938 | Sewer    | Noticed a water moccasin
  2954 | Sewer    | Killed a water moccasin
  2955 | Sewer    | Reached XP level 6. HP: 30/40 MP: 6/6
  3060 | Sewer    | Identified the +8 rapier "Zorchil" {antimagic, rCorr Str+4
                  | Int-4}
  3594 | D:4      | Found a staircase to the Ecumenical Temple.
  3653 | D:4      | Reached skill level 5 in Fighting
  4034 | D:4      | Reached XP level 7. HP: 28/44 MP: 7/7
  4321 | D:5      | Entered Level 5 of the Dungeon
  4338 | D:5      | Reached skill level 5 in Maces & Flails
  4338 | D:5      | Reached skill level 5 in Armour
  5002 | D:5      | Noticed Eustachio
  5040 | D:5      | Killed Eustachio
  5041 | D:5      | Reached XP level 8. HP: 44/51 MP: 8/8
  5936 | D:6      | Noticed a slime creature
  5936 | D:6      | Noticed a slime creature
  5957 | D:6      | Mangled by a large slime creature

Illustrated notes

Levels and vault maps discovered:
D:1:      sevenhm_arrival_forest_fort_large_1, layout_loops_ring,
          basic_ecumenical_altar, grunt_decor_mini_mirrors, serial_bayou_pond_d
D:2:      kb_forest_paths, layout_basic, serial_shops, nicolae_shop_crystal,
          minmay_pentomino_w2, uniq_terence, uniq_crazy_yiuf_cottage
D:3:      layout_basic, portal_sewer_entry_b, st_stairs_3,
          kennysheep_big_empty_room, hangedman_abyss_or_decor_stabs
D:4:      layout_rooms, minmay_temple_entry_mist
D:5:      layout_gridville, hangedman_decor_peaks_small, uniq_eustachio
D:6:      cheibrodos_fertilizer, layout_rooms, minmay_pentangle, uniq_maggie,
          uniq_sigmund

Skill      XL: |  1  2  3  4  5  6  7  8 |
---------------+-------------------------+-----
Fighting       | 4 5 6 |  6.8
Armour         | 3 4 5 6 |  6.3
Dodging        | 2 3 |  3.4
Maces & Flails | 4 5 6 |  6.1

Action                   |  1- 3 |  4- 6 |  7- 9 || total
-------------------------+-------+-------+-------++-------
Melee: Mace              |   105 |   213 |   167 ||   485
       Punch             |     1 |     3 |     1 ||     5
Throw: Boomerang         |       |       |     2 ||     2
Invok: Berserk           |     1 |     3 |     3 ||     7
       Trog's Hand       |       |     2 |     4 ||     6
  Use: Scroll            |       |       |    12 ||    12
       Potion            |       |       |     1 ||     1
Armor: Animal skin       |    39 |    66 |       ||   105
       Chain mail        |       |    98 |    36 ||   134
       Ring mail         |       |    25 |       ||    25
       Leather armour    |       |     2 |       ||     2
       Plate armour      |       |       |   189 ||   189
Dodge: Dodged            |    69 |   164 |   107 ||   340

Table legend: (Time is in decaauts)
 A = Elapsed time spent in this place.
 B = Non-inter-level travel time spent in this place.
 C = Inter-level travel time spent in this place.
 D = Time resting spent in this place.
 E = Time spent auto-exploring this place.
 F = Levels seen in this place.
 G = Mean time per level.
                   A        B        C        D        E       F      G
               +--------+--------+--------+--------+--------+-----+--------+
         Total |   6111 |   5893 |    218 |    146 |   4563 |   7 |  873.0 |
       Dungeon |   5793 |   5575 |    218 |    146 |   4333 |   6 |  965.5 |
         Sewer |    317 |    317 |      0 |      0 |    230 |   1 |  317.0 |
               +--------+--------+--------+--------+--------+-----+--------+

Top non-repeatable levels by time:
     D:2: 1400 daAuts
     D:5: 1332 daAuts
     D:1: 1282 daAuts
     D:4: 797 daAuts
     D:3: 640 daAuts
     D:6: 339 daAuts
   Sewer: 317 daAuts
